 Dungeon Crawl Stone Soup version 0.29.0-15-g675c0067aa (webtiles) character file.

Game seed: 17410741414952020192

9 qw the Sneak (level 2, -2/19 HPs)
             Began as a Gargoyle Delver on Sept 11, 2022.
             Slain by an orc
             ... wielding a +0 hand axe
              (3 damage)
             ... on level 5 of the Dungeon.
             The game lasted 00:00:03 (126 turns).

qw the Sneak (Gargoyle Delver)                       Turns: 126, Time: 00:00:04

Health: -2/19      AC:  5    Str: 15    XL:     2   Next: 16%
Magic:  2/2        EV: 11    Int: 10    God:
Gold:   15         SH:  0    Dex: 11    Spells: 1/1 levels left

rFire   . . .      SeeInvis .   a - +0 hand axe
rCold   . . .      Faith    .   (no shield)
rNeg    + . .      Spirit   .   b - +0 leather armour
rPois   inf        Reflect  .   (no helmet)
rElec   +          Harm     .   (no cloak)
rCorr   .          Rampage  .   (no gloves)
Will    .....                   (no boots)
Stlth   +++.......              (no amulet)
HPRegen 0.06/turn               (no ring)
MPRegen 0.08/turn               (no ring)

@: no status effects
A: sickness immunity, AC +2, negative energy resistance 1, electricity
resistance, torment resistance 1, petrification resistance
a: no special abilities


You were on level 5 of the Dungeon.
You visited 1 branch of the dungeon, and saw 1 of its levels.

You collected 15 gold pieces.


Innate Abilities, Weirdness & Mutations

You are immune to sickness and miasma.
Your stone body is resilient. (AC +2)
You are immune to poison.
You resist negative energy. (rN+)
You are resistant to electric shocks. (rElec)
You are resistant to unholy torment.
You are immune to petrification.


   Skills:
 - Level 3.2 Fighting
 + Level 2.5 Axes
 - Level 1.5 Dodging
 - Level 5.4 Stealth


You had one spell level left.
You didn't know any spells.
Your spell library was empty.

Inventory:

Hand Weapons
 a - a +0 hand axe (weapon)
 h - a +0 flail
Armour
 b - a +0 leather armour (worn)
Wands
 g - a wand of digging (3)
Scrolls
 c - a scroll of fog
 d - a scroll of magic mapping
 e - a scroll of fear
Potions
 f - a potion of haste

Dungeon Overview and Level Annotations

Branches:
Dungeon (5/15)
 Temple: D:4-7

Altars:


Message History

The black bear claws you.
You hit the black bear.
The black bear is moderately wounded.
The black bear bites you but does no damage.
The black bear claws you but does no damage.
The black bear barely misses you.
An orc comes into view. It is wielding a +0 hand axe.
The black bear bites you. The black bear misses you.
The black bear barely misses you.
The orc moves out of view.
You hit the black bear but do no damage.
The black bear is moderately wounded.
The black bear barely misses you. The black bear closely misses you.
The black bear claws you but does no damage.
You hit the black bear.
The black bear is heavily wounded.
The black bear bites you but does no damage.
The black bear barely misses you. The black bear claws you.
You hit the black bear.
The black bear is heavily wounded.
An adder comes into view.
The black bear completely misses you. The black bear claws you.
The black bear claws you but does no damage.
123 ||| Stepping ~*~*~tactically~*~*~ (stealth).
You barely miss the black bear.
The black bear is heavily wounded.
The black bear bites you but does no damage.
The black bear claws you. The black bear closely misses you.
You barely miss the black bear.
The black bear is heavily wounded.
The black bear closely misses you.
The black bear claws you but does no damage. x2
The orc throws a boomerang.
The boomerang barely misses you. The black bear barely misses you.
The black bear closely misses you.
The black bear claws you but does no damage.
You hit the black bear but do no damage.
The black bear is heavily wounded.
You closely miss the orc. The black bear bites you.
The black bear closely misses you. x2
The orc hits you with a +0 hand axe.
You die...

#...............#
#...............#
#.........##...##
#...########...##
###...###...##.....
#......#....>'.....
#......#....##....#
+......+....##....#
#o@...##....##.....
#.#h...##....##.....
#..######....#######
#.>## #....# #S.
#....# .. ###### ##


You could see a black bear and an orc.

Vanquished Creatures
  An adder (D:5)
1 creature vanquished.

Notes
Turn   | Place    | Note
-------+----------+-------------------------------------------
     0 | D:5      | qw the Gargoyle Delver began the quest for the Orb.
     0 | D:5      | Reached XP level 1. HP: 14/14 MP: 1/1
     0 | D:5      | 0 ||| qw: Version: 0.1-a-117-gfe26ee0
     0 | D:5      | 0 ||| qw: Game counter: 9933
     0 | D:5      | 0 ||| qw: Always use a shield: true
     0 | D:5      | 0 ||| qw: God list: Okawaru
     0 | D:5      | 0 ||| qw: Allow faded altars: false
     0 | D:5      | 0 ||| qw: Do Orc after D:15 true
     0 | D:5      | 0 ||| qw: Do second Lair branch before Depths: true
     0 | D:5      | 0 ||| qw: Lair rune preference: random
     0 | D:5      | 0 ||| qw: Plans: Normal
     0 | D:5      | 0 ||| PLANNING D:1-11
    26 | D:5      | Noticed a black bear
    27 | D:5      | 27 ||| Stepping ~*~*~tactically~*~*~ (stealth).
    42 | D:5      | Reached XP level 2. HP: 9/19 MP: 2/2
   114 | D:5      | 114 ||| Stepping ~*~*~tactically~*~*~ (stealth).
   123 | D:5      | 123 ||| Stepping ~*~*~tactically~*~*~ (stealth).
   124 | D:5      | HP: 4/19 [black bear (2)]
   126 | D:5      | HP: 1/19 [black bear (3)]
   126 | D:5      | Slain by an orc

Levels and vault maps discovered:
D:5:      layout_gridville, minmay_temple_entry_sparse_star,
          kennysheep_small_spiral, st_stairs_7

Skill      XL: |  1 |
---------------+----+-----
Axes           | 2 |  2.5
Fighting       | |  3.2
Dodging        | |  1.5
Stealth        | |  5.4

Action                   || total
-------------------------++-------
Melee: Hand axe          ||    20
Armor: Leather armour    ||    18
Dodge: Dodged            ||    22

Table legend:
 A = Non-vault XP
 B = Vault XP
 C = Vault XP percentage of total XP
 D = Non-vault monster count
 E = Vault monster count
 F = Vault count percentage of total count
                 A         B        C        D         E       F
            +---------+---------+-------+---------+---------+-------
      Total |       0 |      14 | 100.0 |       0 |       1 | 100.0
            +---------+---------+-------+---------+---------+-------
        D:5 |       0 |      14 | 100.0 |       0 |       1 | 100.0
            +---------+---------+-------+---------+---------+-------
